 Dungeon Crawl Stone Soup version 0.18-a0-1285-g60d00e1 (webtiles) character file.

645 M4edhros the Sneak (level 7, -3/43 HPs)
             Began as an Octopode Artificer on Feb 8, 2016.
             Slain by a gnoll sergeant
             ... wielding a +0 spear
              (8 damage)
             ... on level 4 of the Dungeon.
             The game lasted 00:03:40 (3659 turns).

M4edhros the Sneak (Octopode Artificer)             Turns: 3659, Time: 00:03:41

Health: -3/43      AC:  1    Str: 10    XL:     7   Next: 52%
Magic:  10/10      EV: 14    Int: 16    God:
Gold:   206        SH:  0    Dex: 13    Spells: 0 memorised, 6 levels left

rFire  . . .     SeeInvis .     i - +2 rapier (venom)
rCold  . . .     Gourm    .     (no shield)
rNeg   . . .     Faith    .     (helmet restricted)
rPois  .         Spirit   .     (no amulet)
rElec  .         Dismiss  .     (no ring)
rCorr  .         Reflect  .     (no ring)
SustAt .         Harm     .     (no ring)
MR     .....                    (no ring)
Stlth  +++++.....               (no ring)
                                (no ring)
                                (no ring)
                                (no ring)

@: not resistant to hostile enchantments, quite stealthy
A: almost no armour, amphibious, 8 rings, constrict 8, camouflage 1, gelatinous
body 1
a: no special abilities


You were on level 4 of the Dungeon.
You were hungry.

You visited 1 branch of the dungeon, and saw 4 of its levels.

You collected 206 gold pieces.

Inventory:

Hand Weapons
 a - a +0 short sword
 i - a +2 rapier of venom (weapon)
Jewellery
 g - a +5 amulet of reflection {unknown}
Wands
 b - a wand of flame (8/48)
 c - a wand of enslavement (14/24)
 d - a wand of random effects (14/48)
 m - a wand of paralysis (15/24)
 u - a wand of random effects (26/48)
 v - a wand of digging (17/24)
Scrolls
 h - 3 scrolls of immolation {unknown}
 j - a scroll of amnesia {unknown}
 n - 7 scrolls of identify {unknown}
 p - a scroll of fog {unknown}
 y - a scroll of enchant weapon {unknown}
Potions
 e - a potion of agility {unknown}
 k - 2 potions of degeneration {unknown}
 o - 3 potions of heal wounds {unknown}
 s - a potion of berserk rage {unknown}
 t - 2 potions of might {unknown}
 w - a potion of lignification {unknown}
 x - a potion of haste {unknown}
Books
 l - a book of Ice

   Spells                             Type                      Level
   a - Ice Form                       Ice/Transmutation            4
   b - Metabolic Englaciation         Hexes/Ice                    5
   c - Ozocubu's Refrigeration        Ice                          6
   d - Bolt of Cold                   Conjuration/Ice              6
   e - Freezing Cloud                 Conjuration/Ice/Air          6
   f - Simulacrum                     Ice/Necromancy               6
Comestibles
 f - a bread ration
 q - a meat ration
 r - 5 fruits


   Skills:
 - Level 1.0 Fighting
 - Level 1.0 Short Blades
 * Level 5.3 Dodging
 * Level 7.1 Stealth
 + Level 5.0 Evocations


You had 6 spell levels left.
You didn't know any spells.

Dungeon Overview and Level Annotations

Branches:
Dungeon (4/15)
 Temple: D:4-7

Altars:


Innate Abilities, Weirdness & Mutations

You cannot wear most types of armour.
You are amphibious.
You can wear up to eight rings at the same time.
You can use your tentacles to constrict eight enemies at once.
Your skin changes colour to match your surroundings (Stealth).
Your rubbery body absorbs attacks (AC +1).


Message History

You grab the gnoll sergeant. You constrict the gnoll sergeant.
The gnoll sergeant hits you with a spear.
The worker ant twitches its antennae in your direction.
You hit the gnoll sergeant but do no damage.
The gnoll sergeant is poisoned.
The gnoll sergeant is lightly wounded.
You constrict the gnoll sergeant.
The gnoll hits you from afar with a spear.
The gnoll barely misses you.
The gnoll sergeant hits you with a spear!
You hit the gnoll sergeant.
The gnoll sergeant looks even sicker.
The gnoll sergeant is moderately wounded.
You constrict the gnoll sergeant, but do no damage.
The gnoll hits you from afar with a spear!
The gnoll hits you!
* * * LOW HITPOINT WARNING * * *
The gnoll hits you with a flail.
* * * LOW HITPOINT WARNING * * *
The gnoll sergeant hits you with a spear!
You die...

#......≈##≈≈≈##≈ #######
#...# #......≈≈≈≈≈≈≈≈≈
......# #...#
#........####### ......####
#...# #.########
.#.#.#.#.###...# #.#########
...).......#...# #.##......#
.#.#.#.#.#.#..####.##......#
...............g...##......#
#
.#.#.#.#.#.a..gg@..........#
####
....).....##....g.###......#
#... .#.#.#.#<###......#
#......###.##
........Z.##...####
##.######..##
.....##...##.#.# #.# #.##.
.######...##.#..## #.#
##.... ## ##..##.##..# ##.#
#...## ###### #...#.#
#.####..# ###.[##.
...).####...>#
#......####.......


You could see a gnoll sergeant, a worker ant and 3 gnolls.

Vanquished Creatures
  Grinder (D:4)
  Eustachio (D:4)
  An ogre (D:4)
  A centaur skeleton (D:4)
  An orc wizard (D:4)
  A worker ant (D:4)
  A hound skeleton (D:4)
  5 adders
  A gnoll (D:4)
  A worm (D:3)
  2 orcs
  9 bats
  3 giant cockroaches
  6 goblins
  7 hobgoblins
  7 jackals
  10 kobolds
  6 giant newts
  3 rats
67 creatures vanquished.

Vanquished Creatures (collateral kills)
  A gnoll (D:4)
  An orc (D:4)
2 creatures vanquished.

Grand Total: 69 creatures vanquished

Notes
Turn   | Place    | Note
--------------------------------------------------------------
     0 | D:1      | M4edhros the Octopode Artificer began the quest for the Orb.
     0 | D:1      | Reached XP level 1. HP: 13/13 MP: 3/3
   266 | D:1      | Reached XP level 2. HP: 15/18 MP: 4/4
   769 | D:1      | Reached XP level 3. HP: 10/23 MP: 5/5
  1716 | D:3      | Reached XP level 4. HP: 28/28 MP: 6/6
  1921 | D:3      | Reached skill level 4 in Evocations
  1937 | D:4      | Noticed Eustachio
  2171 | D:4      | Noticed Grinder
  2181 | D:4      | Paralysed by Grinder for 2 turns
  2186 | D:4      | Killed Grinder
  2186 | D:4      | Reached skill level 5 in Stealth
  2186 | D:4      | Reached XP level 5. HP: 18/33 MP: 8/8
  2186 | D:4      | Reached XP level 6. HP: 20/38 MP: 9/9
  2254 | D:4      | Killed Eustachio
  2254 | D:4      | Reached skill level 6 in Stealth
  2414 | D:4      | Reached XP level 7. HP: 26/43 MP: 10/10
  2761 | D:4      | Reached skill level 5 in Evocations
  2797 | D:4      | Reached skill level 5 in Dodging
  3227 | D:4      | Reached skill level 7 in Stealth
  3659 | D:4      | Slain by a gnoll sergeant

Vault maps used:
D:1:      dpeg_arrival_yet_another_circle
D:3:      nemelex_xobeh_ov_fountains_minmay
D:4:      st_stairs_12, wad_floor_pattern_1, eino_small_chamber_without_monster,
          lightli_minifort, uniq_eustachio, uniq_grinder

Action                   |  1- 3 |  4- 6 |  7- 9 || total
-------------------------+-------+-------+-------++-------
Melee: Short sword       |    74 |    29 |       ||   103
       Rapier            |       |     1 |    39 ||    40
Evoke: Wand              |       |     4 |     5 ||     9
  Use: Potion            |       |     2 |       ||     2
 Stab: Sleeping          |    19 |     4 |     2 ||    25
  Eat: Chunk             |     2 |     2 |     4 ||     8
